 Dungeon Crawl Stone Soup version 0.17-a0-483-g810ce3f (console) character file.

94313 Garrluk the Eclecticist (level 15, -6/92 HPs)
             Began as a Deep Elf Earth Elementalist on Apr 8, 2015.
             Was the Champion of Vehumet.
             Mangled by a golden dragon simulacrum (16 damage)
             ... in an ice cave.
             The game lasted 02:51:06 (36847 turns).

Garrluk the Eclecticist (DEEE)                     Turns: 36847, Time: 02:51:06

Health: -6/92      AC: 11    Str:  5    XL:     15   Next: 63%
Magic:  35/49      EV: 16    Int: 27    God:    Vehumet [******]
Gold:   1380       SH:  0    Dex: 11    Spells: 12 memorised, 9 levels left

rFire  x . .     SeeInvis +     y - +6 glaive {freeze, rN+ Dex-4 SInv}
rCold  + + .     Clarity  .     W - +2 robe {rC+}
rNeg   + . .     SustAb   .     (no shield)
rPois  .         Gourm    .     f - +1 helmet
rElec  .         Spirit   .     s - +2 cloak
rCorr  .         Warding  .     C - +1 pair of gloves
rMut   +         Stasis   .     (no boots)
MR     +....                    X - amulet of resist mutation
Stlth  ++........               c - ring of ice (curse)
                                R - ring of magical power

@: somewhat resistant to hostile enchantments, unstealthy
A: no striking features
a: Renounce Religion


You were in an ice cave.
You worshipped Vehumet.
Vehumet was exalted by your worship.
You were not hungry.

You visited 6 branches of the dungeon, and saw 26 of its levels.
You also visited: Sewer and Ice Cave.

You collected 2685 gold pieces.
You spent 1305 gold pieces at shops.

Notes
Turn   | Place    | Note
--------------------------------------------------------------
     0 | D:1      | Garrluk, the Deep Elf Earth Elementalist, began the quest for the Orb.
     0 | D:1      | Reached XP level 1. HP: 10/10 MP: 6/6
   137 | D:1      | Reached XP level 2. HP: 12/15 MP: 0/8
   444 | D:1      | Reached skill level 4 in Earth Magic
   672 | D:2      | Reached XP level 3. HP: 19/19 MP: 3/10
  1304 | D:2      | Learned a level 2 spell: Stoneskin
  1308 | D:2      | Learned a level 3 spell: Passwall
  1312 | D:2      | Learned a level 3 spell: Stone Arrow
  1443 | D:3      | Reached XP level 4. HP: 24/24 MP: 12/12
  1496 | D:3      | Gained mutation: You are partially covered in rugged brown scales (AC +1, +3% HP). [potion of beneficial mutation]
  1612 | D:3      | Reached skill level 5 in Earth Magic
  1693 | D:3      | Lost mutation: You are partially covered in rugged brown scales (AC +1, +3% HP). [potion of cure mutation]
  2418 | D:4      | Reached XP level 5. HP: 28/28 MP: 10/14
  2450 | D:4      | Learned a level 4 spell: Petrify
  2469 | D:4      | Noticed a slave
  2643 | D:4      | Noticed Pikel
  2643 | D:4      | Noticed a slave
  2643 | D:4      | Noticed a slave
  2643 | D:4      | Noticed a slave
  2645 | D:5      | Entered Level 5 of the Dungeon
  2709 | D:5      | Noticed a centaur
  2813 | D:5      | Reached skill level 5 in Spellcasting
  2929 | D:5      | Reached skill level 6 in Earth Magic
  3266 | D:5      | Reached XP level 6. HP: 32/32 MP: 5/16
  3712 | D:4      | Found Derol's Antique Weapon Emporium.
  3750 | D:4      | Reached skill level 7 in Earth Magic
  3848 | D:4      | Killed a slave
  4158 | D:5      | Found a blossoming altar of Fedhas.
  4223 | D:5      | Killed a centaur
  4223 | D:5      | Reached XP level 7. HP: 23/36 MP: 8/18
  4405 | D:5      | Found a sacrificial altar of Ru.
  4596 | D:6      | Reached skill level 8 in Earth Magic
  4621 | D:6      | Found a glowing drain.
  4661 | Sewer    | Entered a sewer
  5259 | Sewer    | Noticed Kisielow's ghost (average MfTm)
  5263 | Sewer    | Killed Kisielow's ghost
  5335 | Sewer    | Reached skill level 9 in Earth Magic
  5409 | Sewer    | Reached XP level 8. HP: 41/41 MP: 9/21
  6583 | D:6      | Reached skill level 10 in Earth Magic
  7768 | D:7      | Reached skill level 11 in Earth Magic
  7768 | D:7      | Reached XP level 9. HP: 34/45 MP: 20/24
  7848 | D:7      | Found a staircase to the Ecumenical Temple.
  7855 | Temple   | Entered the Ecumenical Temple
  7885 | Temple   | Became a worshipper of Vehumet
  8220 | D:7      | Learned a level 5 spell: Lee's Rapid Deconstruction
  9110 | D:7      | Reached skill level 10 in Spellcasting
  9160 | D:7      | Reached skill level 12 in Earth Magic
  9588 | D:8      | Acquired Vehumet's first power
  9588 | D:8      | Offered knowledge of Sting by Vehumet.
  9623 | D:8      | Reached skill level 1 in Fighting
  9821 | D:8      | Learned a level 3 spell: Mephitic Cloud
  9987 | D:8      | Learned a level 2 spell: Blink
 10023 | D:8      | Got an ancient graven amulet
 10026 | D:8      | Identified the amulet "Intoxum" {Inacc rPois rN+ Str-5} (You found it on level 8 of the Dungeon)
 10060 | D:8      | Reached XP level 10. HP: 33/53 MP: 20/26
 10588 | D:8      | Reached skill level 13 in Earth Magic
 10634 | D:8      | Found a staircase to the Lair.
 11035 | D:8      | Offered knowledge of Flame Tongue by Vehumet.
 11160 | D:9      | Noticed Herrn's ghost (experienced TrMo)
 11542 | D:9      | Found a staircase to the Orcish Mines.
 11654 | D:10     | Entered Level 10 of the Dungeon
 12005 | D:9      | Learned a level 3 spell: Conjure Flame
 12076 | D:9      | Offered knowledge of Static Discharge by Vehumet.
 12351 | D:9      | Noticed Psyche
 12444 | D:9      | Killed Psyche
 12541 | D:9      | Acquired Vehumet's second power
 12864 | D:9      | Killed Herrn's ghost
 13241 | D:10     | Reached skill level 14 in Earth Magic
 13567 | D:10     | Reached XP level 11. HP: 60/60 MP: 2/29
 13710 | D:10     | Offered knowledge of Fulminant Prism by Vehumet.
 13810 | D:10     | Found Idaboarr's Distillery.
 14225 | D:11     | Noticed a hill giant
 14451 | Lair:1   | Entered Level 1 of the Lair of Beasts
 14551 | Lair:1   | Noticed Gastronok
 14564 | Lair:1   | Acquired Vehumet's third power
 14787 | Lair:1   | Offered knowledge of Fireball by Vehumet.
 14905 | Lair:1   | Learned a level 5 spell: Fireball
 15603 | Lair:1   | Noticed Fannar
 16315 | Lair:1   | Reached skill level 1 in Translocations
 16466 | Lair:1   | Killed Fannar
 16466 | Lair:1   | Reached skill level 15 in Earth Magic
 16540 | Lair:1   | Killed Gastronok
 16540 | Lair:1   | Reached skill level 5 in Fighting
 16540 | Lair:1   | Reached skill level 5 in Conjurations
 16841 | Lair:2   | Got a sparkling wooden ring
 16844 | Lair:2   | Identified the ring of Keyps {+/*Tele Int+3} (You found it on level 2 of the Lair of Beasts)
 16904 | Lair:2   | Reached XP level 12. HP: 42/68 MP: 2/31
 17038 | Lair:2   | Noticed a six-headed hydra
 17049 | Lair:2   | Killed a six-headed hydra
 17379 | Lair:2   | Offered knowledge of Bolt of Magma by Vehumet.
 17386 | Lair:2   | Learned a level 5 spell: Bolt of Magma
 19057 | Lair:3   | Found a staircase to the Swamp.
 19373 | Lair:4   | Found a hole to the Spider Nest.
 19412 | Lair:4   | Noticed a seven-headed hydra
 20074 | Lair:3   | Reached skill level 16 in Earth Magic
 20409 | Lair:4   | Killed a seven-headed hydra
 20409 | Lair:4   | Reached skill level 5 in Translocations
 20824 | Lair:4   | Got a scorched rapier
 20825 | Lair:4   | Identified the +10 rapier "Hyex" {antimagic, rElec} (You found it on level 4 of the Lair of Beasts)
 21609 | Lair:5   | Offered knowledge of Ignite Poison by Vehumet.
 21619 | Lair:5   | Learned a level 5 spell: Ignite Poison
 21845 | Lair:5   | Reached XP level 13. HP: 47/74 MP: 1/33
 22166 | Lair:5   | Noticed a five-headed hydra
 22172 | Lair:5   | Killed a five-headed hydra
 22633 | Lair:5   | Noticed Josephine
 22640 | Lair:5   | Killed Josephine
 24058 | Lair:7   | Reached skill level 15 in Spellcasting
 24873 | Lair:7   | Got a brightly glowing glaive
 24874 | Lair:7   | Identified the +6 glaive "Spiderbane" {freeze, rN+ Dex-4 SInv} (You found it on level 7 of the Lair of Beasts)
 24921 | Lair:7   | Offered knowledge of Spellforged Servitor by Vehumet.
 25454 | Lair:8   | Entered Level 8 of the Lair of Beasts
 25641 | Lair:8   | Reached skill level 5 in Transmutations
 25734 | Lair:8   | Noticed Snorg
 27060 | Lair:8   | Killed Snorg
 27188 | Lair:8   | Reached XP level 14. HP: 83/83 MP: 14/36
 27400 | Lair:8   | Reached skill level 5 in Dodging
 27512 | Lair:8   | Reached skill level 17 in Spellcasting
 28410 | Lair:8   | Offered knowledge of Lightning Bolt by Vehumet.
 29170 | Lair:8   | Found a staircase to the Slime Pits.
 29436 | Orc:1    | Entered Level 1 of the Orcish Mines
 29436 | Orc:1    | Found a deep blue altar of Sif Muna.
 29436 | Orc:1    | Noticed Herrn's ghost (powerful TeFi)
 29443 | Orc:1    | Killed Herrn's ghost
 30074 | Orc:1    | Found Uhiemnuw's Quality Used Wands.
 30316 | Orc:2    | Found an iron altar of Okawaru.
 30458 | Orc:2    | Found Qerer's General Store.
 30580 | Orc:2    | Learned a level 6 spell: Statue Form
 31088 | Orc:2    | Offered knowledge of Ozocubu's Refrigeration by Vehumet.
 31137 | Orc:2    | Reached skill level 18 in Spellcasting
 32061 | Orc:3    | Found a staircase to the Elven Halls.
 32293 | Orc:4    | Entered Level 4 of the Orcish Mines
 32502 | Orc:4    | Found Atunaut's Weapon Boutique.
 32815 | Elf:1    | Entered Level 1 of the Elven Halls
 32931 | Orc:4    | Offered knowledge of Delayed Fireball by Vehumet.
 33329 | Orc:4    | Reached XP level 15. HP: 73/90 MP: 23/39
 33432 | Orc:4    | Found Iddapet's Assorted Antiques.
 33436 | Orc:4    | Found Vouponau's Antique Armour Shop.
 33442 | Orc:4    | Paralysed by an orc sorcerer for 5 turns
 33500 | Orc:4    | Found Viuseu's General Store.
 33512 | Orc:4    | Found Poubb's Jewellery Emporium.
 33533 | Orc:4    | Bought a wand of hasting (1) for 360 gold pieces
 33535 | Orc:4    | Bought an uncursed amulet of stasis for 245 gold pieces
 33535 | Orc:4    | Bought an uncursed ring of wizardry for 420 gold pieces
 33535 | Orc:4    | Bought an uncursed ring of magical power for 280 gold pieces
 34189 | Elf:1    | Noticed Roxanne
 34197 | Elf:1    | Killed Roxanne
 34208 | Elf:1    | Identified Roxanne's Volume of Mutagenic Clay (You took it off Roxanne on level 1 of the Elven Halls)
 34299 | Elf:1    | Offered knowledge of Bolt of Fire by Vehumet.
 34301 | Elf:1    | Reached skill level 19 in Spellcasting
 34520 | Elf:1    | Noticed a deep elf sorcerer
 34521 | Elf:1    | Killed a deep elf sorcerer
 35271 | Spider:1 | Entered Level 1 of the Spider Nest
 35272 | Spider:1 | Found a frozen archway.
 35488 | IceCv    | Entered an ice cave
 35824 | IceCv    | Got a pitted tin ring
 35825 | IceCv    | Identified the ring of Spontaneous Combustion {rElec rF+ MR+} (You found it in an ice cave)
 36558 | IceCv    | Noticed an Ice Fiend
 36847 | IceCv    | Mangled by a golden dragon simulacrum

Inventory:

Hand weapons
 k - a +0 blowgun
   (You took it off a kobold on level 4 of the Dungeon)
 y - the +6 glaive "Spiderbane" (weapon) {freeze, rN+ Dex-4 SInv}
   (You found it on level 7 of the Lair of Beasts)

   It has been specially enchanted to freeze those struck by it, causing extra
   injury to most foes and up to half again as much damage against particularly
   susceptible opponents.
   It can also slow down cold-blooded creatures.
   It affects your dexterity (-4).
   It protects you from negative energy.
   It enhances your eyesight.
 D - a +2 mace of protection
   (You took it off an orc warrior on level 4 of the Orcish Mines)
Missiles
 b - 325 stones (quivered)
 e - 4 curare-tipped needles
 z - 85 poisoned needles
 B - 2 needles of frenzy
Armour
 f - a +1 helmet (worn)
   (You found it on level 4 of the Lair of Beasts)
 o - a +2 robe of the Archmagi
   (You took it off an orc wizard on level 2 of the Orcish Mines)
 s - a +2 cloak (worn)
   (You found it on level 2 of the Dungeon)
 C - a +1 pair of gloves (worn)
   (You found it on level 6 of the Lair of Beasts)
 H - a +2 robe of magic resistance
   (You took it off an orc wizard on level 8 of the Dungeon)
 W - a +2 robe of cold resistance (worn)
   (You took it off Fannar on level 1 of the Lair of Beasts)
Magical staves
 I - an uncursed staff of poison
   (You found it on level 10 of the Dungeon)
Jewellery
 c - a cursed ring of ice (right hand)
   (You took it off Fannar on level 1 of the Lair of Beasts)
 g - the ring of Spontaneous Combustion {rElec rF+ MR+}
   (You found it in an ice cave)

   [ring of protection from fire]

   It protects you from fire.
   It insulates you from electricity.
   It affects your resistance to hostile enchantments.
 m - an uncursed ring of stealth
   (You found it on level 1 of the Dungeon)
 L - an uncursed amulet of resist corrosion
   (You found it on level 7 of the Dungeon)
 N - an uncursed amulet of stasis
   (You bought it in a shop on level 4 of the Orcish Mines)
 P - an uncursed ring of wizardry
   (You bought it in a shop on level 4 of the Orcish Mines)
 R - a ring of magical power (left hand)
   (You bought it in a shop on level 4 of the Orcish Mines)
 X - an amulet of resist mutation (around neck)
   (You found it on level 1 of the Elven Halls)
Magical devices
 j - a wand of digging (12)
   (You found it in an ice cave)
 u - a wand of lightning (7)
   (You found it on level 7 of the Dungeon)
 E - a wand of hasting (6)
   (You bought it in a shop on level 4 of the Orcish Mines)
 Z - a wand of disintegration (5)
   (You found it on level 3 of the Lair of Beasts)
Scrolls
 d - 4 scrolls of fog
 h - 8 scrolls of teleportation
 i - 11 scrolls of identify
 p - 7 scrolls of remove curse
 w - 5 scrolls of blinking
 F - 2 scrolls of magic mapping
Potions
 t - 2 potions of cancellation
 A - 8 potions of curing
 G - 3 potions of ambrosia
 K - a potion of magic
 M - 3 potions of brilliance
 O - 4 potions of restore abilities
 V - 2 potions of invisibility
 Y - a potion of heal wounds
Comestibles
 a - 14 bread rations
 q - 10 fruits
 Q - a royal jelly

Table legend:
 A = Turns spent in this place as a percentage of turns spent in the entire game.
 B = Non-inter-level travel turns spent in this place as a percentage of non-inter-level travel turns spent in the entire game.
 C = Inter-level travel turns spent in this place as a percentage of turns spent in this place.
 D = Turns resting spent in this place as a percentage of non-inter-level travel turns spent in this place.
 E = Turns spent auto-exploring this place as a percentage of non-inter-level travel turns spent in this place.
 F = Non-inter-level travel turns spent in this place divided by the number of levels of this place that you've seen.
                   A       B       C       D       E      F
               +-------+-------+-------+-------+-------+----------------------
         Total | 100.0 | 100.0 |   0.7 |   5.1 |   5.6 | 420.6
       Dungeon |  41.8 |  41.8 |   0.7 |   3.5 |   5.9 | 447.3
        Temple |   0.3 |   0.2 |   9.4 |   0.0 |  10.3 |  29.0
          Lair |  33.7 |  33.7 |   0.8 |   6.5 |   4.6 | 495.9
   Spider Nest |   0.4 |   0.5 |   0.0 |   0.0 |   0.0 |  53.0
  Orcish Mines |  14.6 |  14.5 |   0.8 |   4.4 |   8.1 | 428.2
   Elven Halls |   2.9 |   2.9 |   0.3 |   6.5 |   9.2 | 338.0
         Sewer |   3.3 |   3.3 |   0.0 |   8.2 |   2.3 | 388.0
      Ice Cave |   3.1 |   3.1 |   0.0 |  12.7 |   2.7 | 369.0
               +-------+-------+-------+-------+-------+----------------------


   Skills:
 + Level 9.8 Fighting
 + Level 8.6 Dodging
 - Level 2.4 Stealth
 * Level 19.6 Spellcasting
 - Level 7.2 Conjurations
 - Level 5.4 Translocations
 - Level 5.0 Transmutations
 + Level 17.5 Earth Magic


You had 9 spell levels left.
You knew the following spells:

 Your Spells              Type           Power        Failure   Level  Hunger
a - Sandblast             Erth           ######       0%          1    None
b - Stoneskin             Trmt/Erth      ######..     1%          2    None
c - Conjure Flame         Conj/Fire      ###.....     1%          3    None
d - Petrify               Trmt/Erth      ######..     1%          4    None
e - Lee's Rapid Deconstr  Erth           #######...   1%          5    None
f - Mephitic Cloud        Conj/Pois/Air  #####...     1%          3    None
g - Blink                 Tloc           N/A          1%          2    None
h - Passwall              Trmt/Erth      ######....   1%          3    None
i - Statue Form           Trmt/Erth      ######...    2%          6    ##.....
j - Ignite Poison         Fire/Trmt      ###.......   5%          5    None
A - Bolt of Magma         Conj/Fire/Erth #####.....   1%          5    None
D - Fireball              Conj/Fire      ###.......   3%          5    None


Dungeon Overview and Level Annotations

Branches:
Dungeon (11/15)            Temple (1/1) D:7            Lair (8/8) D:8
  Swamp (0/5) Lair:3       Spider (1/5) Lair:4        Slime (0/6) Lair:8
    Orc (4/4) D:9             Elf (1/3) Orc:3

Altars:
Ashenzari
Cheibriados
Dithmenos
Elyvilon
Fedhas
Gozag
Kikubaaqudgha
Makhleb
Nemelex Xobeh
Okawaru
Qazlal
Ru
Sif Muna
Trog
Vehumet
Xom
Yredelemnul
Zin
The Shining One

Shops:
D:4 (   D:10 !   Orc:2 *   Orc:4 =*[*(

Annotations:
D:4 !pikel, Pikel


Message History

The golden dragon simulacrum melts!
Casting: Bolt of Magma
Confirm with . or Enter, or press ? or * to list all spells.
Aiming: Bolt of Magma
Press: ? - help, Shift-Dir - straight line, f/p - golden dragon simulacrum
Aim: a golden dragon simulacrum You feel a numb sensation.
The bolt of magma hits the golden dragon simulacrum.
The golden dragon simulacrum melts!
The golden dragon simulacrum is engulfed in a cloud of scalding steam.
The golden dragon simulacrum bites you!
* * * LOW HITPOINT WARNING * * *
The golden dragon simulacrum freezes you!
You resist.
* * * LOW HITPOINT WARNING * * *
The golden dragon simulacrum claws you.
* * * LOW HITPOINT WARNING * * *
The golden dragon simulacrum freezes you!
You resist.
You die...

#§## #.## ##.###
#.#.## #....#
##.#.## #.###.# ≈
#..##.##≈≈
##.#..#≈≈≈≈
##.##.##≈≈≈#≈
##.##@Z#≈#≈≈≈≈
#.###≈#≈≈≈≈≈≈# #
##.##≈≈≈≈≈≈≈##
###### #.⌠.##≈≈#≈≈##
##..##. ##.##≈≈##≈≈#
###..###. ####≈≈≈#
####....##..
#≈≈#≈#####...#.###.
#≈≈###≈##.#.#.#.####
#≈≈# #≈#....####.###
#≈## #...#.## #..##
#≈ ##.#### ##.##


You could see a golden dragon simulacrum.

Table legend:
 A = Kills in this place as a percentage of kills in entire the game.
 B = Kills by you in this place as a percentage of kills by you in the entire game.
 C = Kills by friends in this place as a percentage of kills by friends in the entire game.
 D = Other kills in this place as a percentage of other kills in the entire game.
 E = Experience gained in this place as a percentage of experience gained in the entire game.
 F = Experience gained in this place divided by the number of levels of this place that you have seen.
                   A       B       C       D       E      F
               +-------+-------+-------+-------+-------+----------------------
         Total | 100.0 | 100.0 | 100.0 | 100.0 | 100.0 | 4811.9
       Dungeon |  30.6 |  30.4 | 100.0 |  41.7 |   8.4 | 1030.5
          Lair |  32.7 |  32.4 |   0.0 |  58.3 |  54.9 | 9252.2
   Spider Nest |   1.6 |   1.6 |   0.0 |   0.0 |   1.2 | 1561.0
  Orcish Mines |  22.6 |  22.9 |   0.0 |   0.0 |  15.1 | 5071.8
   Elven Halls |   3.9 |   4.0 |   0.0 |   0.0 |  14.1 | 19025.0
         Sewer |   4.8 |   4.8 |   0.0 |   0.0 |   0.4 | 481.0
      Ice Cave |   3.8 |   3.9 |   0.0 |   0.0 |   6.0 | 8025.0
               +-------+-------+-------+-------+-------+----------------------

Vanquished Creatures
  Monster Symbol All ' '
  The ghost of Herrn the Grappler, an experienced TrMo of Cheibriados (D:9)
  The ghost of Herrn the Cleaver, a powerful TeFi of Okawaru (Orc:1)
  The ghost of Kisielow the Changer, an average MfTm (Sewer)
3 creatures vanquished. All '*' 3 giant spores
3 creatures vanquished. All '3' 4 ice devils (IceCv)
4 creatures vanquished. All '4' A blue devil (IceCv)
1 creature vanquished. All '5' 4 crimson imps 5 shadow imps 20 white imps 8 ufetubi
37 creatures vanquished. All '8' Roxanne (Elf:1) An ice statue (IceCv)
2 creatures vanquished. All ';' 6 electric eels
6 creatures vanquished. All '@' Josephine (Lair:5) Psyche (D:9)
2 creatures vanquished. All 'B' 2 boulder beetles 2 boring beetles 2 goliath beetles
6 creatures vanquished. All 'D' 5 hydras A swamp dragon (Lair:3) 3 wyverns
9 creatures vanquished. All 'F' 14 spiny frogs 13 blink frogs 17 giant frogs
44 creatures vanquished. All 'H' A griffon (Lair:4) 9 hippogriffs
10 creatures vanquished. All 'J' 3 jellies (D:8) 15 oozes
18 creatures vanquished. All 'K' A kobold demonologist (Elf:1) 2 big kobolds (D:9) 28 kobolds
31 creatures vanquished. All 'O' 2 two-headed ogres 5 ogres
7 creatures vanquished. All 'P' 3 oklob plants (Lair:8) 23 ballistomycetes 51 fungi 19 plants
96 creatures vanquished. All 'S' 7 black mambas 16 water moccasins 30 adders 6 ball pythons (Sewer)
59 creatures vanquished. All 'T' Snorg (Lair:8) 3 trolls
4 creatures vanquished. All 'W' 3 freezing wraiths (IceCv) 3 wraiths (Lair:5) A hungry ghost (D:7) 2 phantoms
9 creatures vanquished. All 'Y' 3 catoblepae (Lair:8) 15 death yaks 9 elephants 53 yaks A sky beast (D:6) 5 ice beasts 24 sheep
110 creatures vanquished. All 'Z' 3 anaconda simulacra (IceCv) A death yak simulacrum (IceCv) A dire elephant simulacrum (IceCv) 4 harpy simulacra (IceCv) 2 hydra simulacra (IceCv) 2 ettin simulacra (IceCv) A wyvern zombie (D:11) A water moccasin skeleton (D:6) 2 draconian simulacra (IceCv) A giant frog skeleton (D:5) A spriggan simulacrum (IceCv) A wolf simulacrum (IceCv) 2 centaur simulacra (IceCv) A hound skeleton (D:7) 3 naga simulacra (IceCv) 2 ogre simulacra (IceCv) An adder simulacrum (D:8) A bat skeleton (D:4) A ball python skeleton (D:4) A giant gecko skeleton (D:7) An orc zombie (D:7) A quokka skeleton (D:4)
34 creatures vanquished. All 'a' 8 worker ants
8 creatures vanquished. All 'b' 20 bats
20 creatures vanquished. All 'c' A centaur (D:5)
1 creature vanquished. All 'e' A deep elf sorcerer (Elf:1) Fannar (Lair:1) 3 deep elf knights (Elf:1) 4 deep elf summoners (Elf:1) 3 deep elf conjurers (Elf:1) 7 deep elf priests (Elf:1) 8 deep elf magi 13 deep elf fighters (Elf:1)
40 creatures vanquished. All 'f' A wandering mushroom (Lair:7)
1 creature vanquished. All 'g' A boggart (Elf:1) A gnoll sergeant (D:10) 8 gnolls 21 goblins 14 hobgoblins
45 creatures vanquished. All 'h' 3 polar bears 13 wargs 11 wolves 2 black bears 9 hounds 26 jackals
64 creatures vanquished. All 'k' 2 fire drakes
2 creatures vanquished. All 'l' 5 komodo dragons 2 basilisks 16 iguanas 15 giant geckos 22 giant newts
60 creatures vanquished. All 'o' 3 orc high priests (Orc:4) 7 orc knights 5 orc sorcerers 31 orc warriors 29 orc wizards 33 orc priests 190 orcs
298 creatures vanquished. All 'p' A wizard (Elf:1) A human (D:7) A slave (D:4)
3 creatures vanquished. All 'r' 12 porcupines A hell rat (Elf:1) 80 river rats 22 quokkas 23 rats
138 creatures vanquished. All 's' A jumping spider (Spider:1) A trapdoor spider (Lair:4) A tarantella (Spider:1) 4 redbacks 10 spiders 2 scorpions 17 giant cockroaches
36 creatures vanquished. All 't' A fire crab (shapeshifter) (Elf:1) 19 crocodiles
20 creatures vanquished. All 'w' Gastronok (Lair:1) A torpor snail (Lair:6) 5 worms
7 creatures vanquished. All 'x' A small abomination (Elf:1) 2 crawling corpses (Elf:1)
3 creatures vanquished. All 'y' 6 killer bees (D:9)
6 creatures vanquished. All 'z' 5 wights (D:7)
5 creatures vanquished.
1252 creatures vanquished. Monster Nature Uniques Gastronok (Lair:1) Roxanne (Elf:1) Snorg (Lair:8) Josephine (Lair:5) Fannar (Lair:1) Psyche (D:9)
6 creatures vanquished. Natural Monsters A deep elf sorcerer (Elf:1) 5 hydras The ghost of Herrn the Grappler, an experienced TrMo of Cheibriados (D:9) 3 catoblepae (Lair:8) 15 death yaks The ghost of Herrn the Cleaver, a powerful TeFi of Okawaru (Orc:1) 3 orc high priests (Orc:4) 3 deep elf knights (Elf:1) A fire crab (shapeshifter) (Elf:1) 4 deep elf summoners (Elf:1) 7 orc knights 5 orc sorcerers A swamp dragon (Lair:3) A wizard (Elf:1) 3 deep elf conjurers (Elf:1) A griffon (Lair:4) 9 elephants A torpor snail (Lair:6) 14 spiny frogs 7 black mambas 5 komodo dragons 2 fire drakes A kobold demonologist (Elf:1) 2 two-headed ogres A jumping spider (Spider:1) 7 deep elf priests (Elf:1) 3 polar bears 3 trolls 13 blink frogs 2 boulder beetles A trapdoor spider (Lair:4) A tarantella (Spider:1) 4 redbacks 53 yaks 8 deep elf magi 3 wyverns 9 hippogriffs 13 deep elf fighters (Elf:1) 13 wargs A human (D:7) 11 wolves The ghost of Kisielow the Changer, an average MfTm (Sewer) 2 basilisks 16 water moccasins 31 orc warriors 12 porcupines A sky beast (D:6) 5 ice beasts 2 black bears A slave (D:4) 10 spiders A boggart (Elf:1) 5 ogres A centaur (D:5) 19 crocodiles 2 boring beetles 2 big kobolds (D:9) A gnoll sergeant (D:10) 17 giant frogs 2 scorpions 6 killer bees (D:9) 6 electric eels 2 goliath beetles 9 hounds 29 orc wizards 33 orc priests 3 jellies (D:8) 16 iguanas 24 sheep 8 worker ants 30 adders 8 gnolls 80 river rats 5 worms 15 giant geckos 15 oozes 190 orcs 6 ball pythons (Sewer) 17 giant cockroaches 21 goblins 14 hobgoblins 26 jackals 22 quokkas 20 bats 22 giant newts 28 kobolds 23 rats
1051 creatures vanquished. Non-Living Monsters An ice statue (IceCv)
1 creature vanquished. Undead Monsters A small abomination (Elf:1) 3 anaconda simulacra (IceCv) 3 freezing wraiths (IceCv) 3 wraiths (Lair:5) A death yak simulacrum (IceCv) A dire elephant simulacrum (IceCv) 4 harpy simulacra (IceCv) A hungry ghost (D:7) 2 hydra simulacra (IceCv) 2 ettin simulacra (IceCv) 2 phantoms A wyvern zombie (D:11) A water moccasin skeleton (D:6) 5 wights (D:7) 2 draconian simulacra (IceCv) A giant frog skeleton (D:5) A spriggan simulacrum (IceCv) A wolf simulacrum (IceCv) 2 centaur simulacra (IceCv) A hound skeleton (D:7) 3 naga simulacra (IceCv) 2 ogre simulacra (IceCv) An adder simulacrum (D:8) A bat skeleton (D:4) A ball python skeleton (D:4) A giant gecko skeleton (D:7) An orc zombie (D:7) A quokka skeleton (D:4) 2 crawling corpses (Elf:1)
51 creatures vanquished. Demonic Monsters 4 ice devils (IceCv) A blue devil (IceCv) 4 crimson imps A hell rat (Elf:1) 5 shadow imps 20 white imps 8 ufetubi
43 creatures vanquished. Plants 3 oklob plants (Lair:8) A wandering mushroom (Lair:7) 3 giant spores 23 ballistomycetes 51 fungi 19 plants
100 creatures vanquished.
1252 creatures vanquished. Ascending Order Gastronok (Lair:1) Roxanne (Elf:1) A deep elf sorcerer (Elf:1) Snorg (Lair:8) Josephine (Lair:5) Fannar (Lair:1) The ghost of Herrn the Grappler, an experienced TrMo of Cheibriados (D:9) The ghost of Herrn the Cleaver, a powerful TeFi of Okawaru (Orc:1) A fire crab (shapeshifter) (Elf:1) An ice statue (IceCv) A swamp dragon (Lair:3) A wizard (Elf:1) A griffon (Lair:4) A small abomination (Elf:1) Psyche (D:9) A torpor snail (Lair:6) A blue devil (IceCv) A kobold demonologist (Elf:1) A wandering mushroom (Lair:7) A jumping spider (Spider:1) A trapdoor spider (Lair:4) A tarantella (Spider:1) A death yak simulacrum (IceCv) A dire elephant simulacrum (IceCv) A human (D:7) The ghost of Kisielow the Changer, an average MfTm (Sewer) A hungry ghost (D:7) A sky beast (D:6) A slave (D:4) A boggart (Elf:1) A centaur (D:5) A gnoll sergeant (D:10) A wyvern zombie (D:11) A water moccasin skeleton (D:6) A giant frog skeleton (D:5) A hell rat (Elf:1) A spriggan simulacrum (IceCv) A wolf simulacrum (IceCv) A hound skeleton (D:7) An adder simulacrum (D:8) A bat skeleton (D:4) A quokka skeleton (D:4) An orc zombie (D:7) A ball python skeleton (D:4) A giant gecko skeleton (D:7) 2 fire drakes 2 two-headed ogres 2 boulder beetles 2 basilisks 2 hydra simulacra (IceCv) 2 black bears 2 ettin simulacra (IceCv) 2 phantoms 2 boring beetles 2 big kobolds (D:9) 2 scorpions 2 draconian simulacra (IceCv) 2 goliath beetles 2 centaur simulacra (IceCv) 2 ogre simulacra (IceCv) 2 crawling corpses (Elf:1) 3 catoblepae (Lair:8) 3 orc high priests (Orc:4) 3 deep elf knights (Elf:1) 3 deep elf conjurers (Elf:1) 3 oklob plants (Lair:8) 3 anaconda simulacra (IceCv) 3 freezing wraiths (IceCv) 3 polar bears 3 trolls 3 wraiths (Lair:5) 3 wyverns 3 jellies (D:8) 3 naga simulacra (IceCv) 3 giant spores 4 ice devils (IceCv) 4 deep elf summoners (Elf:1) 4 redbacks 4 harpy simulacra (IceCv) 4 crimson imps 5 hydras 5 orc sorcerers 5 komodo dragons 5 ice beasts 5 ogres 5 wights (D:7) 5 shadow imps 5 worms 6 killer bees (D:9) 6 electric eels 6 ball pythons (Sewer) 7 orc knights 7 black mambas 7 deep elf priests (Elf:1) 8 deep elf magi 8 worker ants 8 gnolls 8 ufetubi 9 elephants 9 hippogriffs 9 hounds 10 spiders 11 wolves 12 porcupines 13 blink frogs 13 wargs 13 deep elf fighters (Elf:1) 14 spiny frogs 14 hobgoblins 15 death yaks 15 giant geckos 15 oozes 16 water moccasins 16 iguanas 17 giant frogs 17 giant cockroaches 19 crocodiles 19 plants 20 white imps 20 bats 21 goblins 22 quokkas 22 giant newts 23 rats 23 ballistomycetes 24 sheep 26 jackals 28 kobolds 29 orc wizards 30 adders 31 orc warriors 33 orc priests 51 fungi 53 yaks 80 river rats 190 orcs
1252 creatures vanquished. The 3-digit Club 190 orcs
190 creatures vanquished.

Action                   |  1- 3 |  4- 6 |  7- 9 | 10-12 | 13-15 || total
-------------------------+-------+-------+-------+-------+-------++-------
Melee: Dagger            |    43 |    24 |   244 |    43 |       ||   354
       Staff             |       |       |       |    52 |   127 ||   179
       Flail             |       |       |       |     3 |   113 ||   116
       Mace              |       |       |       |       |    53 ||    53
 Fire: Blowgun           |       |       |     8 |     8 |    22 ||    38
Throw: Tomahawk          |       |       |     2 |       |       ||     2
       Stone             |       |       |     1 |     1 |       ||     2
 Cast: Sandblast         |    82 |    75 |   247 |   158 |    62 ||   624
       Stone Arrow       |       |    27 |    63 |   290 |       ||   380
       Passwall          |       |     3 |     2 |       |     1 ||     6
       Stoneskin         |       |     1 |       |     8 |     1 ||    10
       Lee's Rapid Decon |       |       |    11 |    38 |    26 ||    75
       Petrify           |       |       |     4 |    13 |     3 ||    20
       Mephitic Cloud    |       |       |       |    45 |    28 ||    73
       Blink             |       |       |       |    11 |     1 ||    12
       Conjure Flame     |       |       |       |    10 |     7 ||    17
       Fireball          |       |       |       |    36 |    67 ||   103
       Bolt of Magma     |       |       |       |    23 |   509 ||   532
       Ignite Poison     |       |       |       |       |    41 ||    41
       Statue Form       |       |       |       |       |     1 ||     1
Evoke: Wand              |       |       |       |     1 |       ||     1
  Use: Scroll            |       |     9 |     5 |     9 |     5 ||    28
       Potion            |       |     9 |     2 |     6 |       ||    17
 Stab: Sleeping          |    11 |    12 |     6 |     2 |     5 ||    36
       Distracted        |       |     1 |       |       |       ||     1
       Confused          |       |       |       |     1 |       ||     1
  Eat: Chunk             |     2 |     9 |    18 |    39 |    43 ||   111
       Fruit             |       |       |     3 |     5 |     6 ||    14
